 Dungeon Crawl Stone Soup version 0.19-a0-1676-g39ae8cc (webtiles) character file.

91 Goblin1989 the Sneak (level 4, -3/33 HPs)
             Began as a Demonspawn Assassin on Sept 23, 2016.
             Was a Follower of Dithmenos.
             Killed from afar by an orc wizard (7 damage)
             ... with a puff of flame
             ... on level 3 of the Dungeon.
             The game lasted 00:07:45 (2104 turns).

Goblin1989 the Sneak (Demonspawn Assassin)          Turns: 2104, Time: 00:07:46

Health: -3/33      AC:  5    Str: 11    XL:     4   Next: 34%
Magic:  4/4        EV: 13    Int: 13    God:    Dithmenos [*.....]
Gold:   215        SH:  0    Dex: 15    Spells: 1 memorised, 1 level left

rFire  . . .     SeeInvis .     a - +2 dagger
rCold  . . .     Gourm    .     c - +0 robe
rNeg   . . .     Faith    .     (no shield)
rPois  .         Spirit   .     h - +0 helmet
rElec  .         Dismiss  .     d - +0 cloak
rCorr  .         Reflect  .     v - +0 pair of gloves
MR     .....     Harm     .     (no boots)
Stlth  +++.......               (no amulet)
                                m - ring of wizardry
                                (no ring)

@: wreathed by umbra
A: repulsion field 1
a: Renounce Religion


You were on level 3 of the Dungeon.
You worshipped Dithmenos.
Dithmenos was aware of your devotion.
You were not hungry.

You visited 1 branch of the dungeon, and saw 3 of its levels.

You collected 215 gold pieces.

Inventory:

Hand Weapons
 a - a +2 dagger (weapon)
 b - a +0 blowgun
Missiles
 e - 24 poisoned needles
 f - 2 curare-tipped needles
Armour
 c - a +0 robe (worn)
 d - a +0 cloak (worn)
 h - a +0 helmet (worn)
 v - a +0 pair of gloves (worn)
Jewellery
 m - a ring of wizardry (right hand)
 o - an uncursed ring of ice
 s - an uncursed ring of see invisible {unknown}
Scrolls
 j - 2 scrolls of remove curse {unknown}
 l - a scroll of fog {unknown}
 p - a scroll of fear {unknown}
 q - a scroll of magic mapping {unknown}
 u - 4 scrolls of teleportation {unknown}
 y - a scroll of blinking {unknown}
 B - a scroll of enchant weapon {unknown}
Potions
 i - a potion of brilliance {unknown}
 n - 6 potions of curing {unknown}
 r - a potion of flight {unknown}
 t - 2 potions of berserk rage {unknown}
 w - a potion of haste {unknown}
 x - a potion of cancellation {unknown}
 A - a potion of degeneration {unknown}
 C - a potion of heal wounds {unknown}
Comestibles
 g - 3 bread rations
 k - a meat ration
 z - 3 fruits


   Skills:
 - Level 2.0 Fighting
 * Level 3.4 Short Blades
 - Level 1.7 Throwing
 - Level 0.8 Dodging
 + Level 4.4 Stealth


You had one spell level left.
You knew the following spells:

 Your Spells              Type           Power        Failure   Level  Hunger
a - Swiftness             Chrm/Air       #.......     21%         2    ###....


Dungeon Overview and Level Annotations

Branches:
Dungeon (3/15)

Altars:
Dithmenos
Qazlal
Uskayaw
Yredelemnul


Innate Abilities, Weirdness & Mutations

You are surrounded by a mild repulsion field. (EV +2)


Message History

You hit the orc wizard.
The orc wizard is severely wounded.
The orc wizard points at you and mumbles some strange words.
You resist with some effort.
Unknown command.
You hit the orc wizard.
The orc wizard is almost dead.
You closely miss the orc wizard.
The orc wizard is almost dead.
The orc wizard points at you and mumbles some strange words.
The puff of flame hits you!
* * * LOW HITPOINT WARNING * * *
You take 2 damage, and have 4/33 hp.
You closely miss the orc wizard.
The orc wizard is almost dead.
You feel less confused.
The quokka twitches its whiskers.
The orc wizard points at you and mumbles some strange words.
The puff of flame hits you!
You die...

####.######. .#
............ ####.######
# #.#......### .#
#..........########..#
#.#......#.#...#)....#
#.#.######.#.#.#r###...#
# #.##.........#o### ##
#.##.###.#...@...# #.#
#.######### #. #........
#########


You could see an orc wizard and a quokka.

Vanquished Creatures
  Ijyb (D:2)
  An adder (D:2)
  2 dart slugs
  3 leopard geckos
  3 orcs (D:3)
  2 ball pythons
  A giant cockroach (D:1)
  9 goblins
  5 hobgoblins
  2 jackals (D:1)
  3 quokkas
  3 bats
  A frilled lizard (D:1)
  4 kobolds
  4 rats
44 creatures vanquished.

Notes
Turn   | Place    | Note
-------+----------+-------------------------------------------
     0 | D:1      | Goblin1989 the Demonspawn Assassin began the quest for the Orb.
     0 | D:1      | Reached XP level 1. HP: 16/16 MP: 1/1
   172 | D:1      | Gained mutation: You are surrounded by a mild repulsion field. (EV +2) [demonic ancestry]
   172 | D:1      | Reached XP level 2. HP: 22/22 MP: 2/2
   523 | D:1      | Reached skill level 4 in Stealth
   688 | D:2      | Reached XP level 3. HP: 22/27 MP: 3/3
   804 | D:2      | Found a shadowy altar of Dithmenos.
   897 | D:2      | Became a worshipper of Dithmenos the Shadowed
   931 | D:2      | Noticed Ijyb
   975 | D:2      | Killed Ijyb
  1229 | D:2      | Reached XP level 4. HP: 33/33 MP: 4/4
  1445 | D:2      | Found a stormy altar of Qazlal.
  1748 | D:3      | Found a hide-covered altar of Uskayaw.
  1968 | D:3      | Found a basalt altar of Yredelemnul.
  1979 | D:3      | Learned a level 2 spell: Swiftness
  2012 | D:3      | Reached * piety under Dithmenos
  2104 | D:3      | Killed from afar by an orc wizard

Vault maps used:
D:1:      lemuel_arrival_funnel
D:2:      kennysheep_the_goblin_king, grunt_dithmenos_smoke,
          grunt_qazlal_clouds, first_bread, lemuel_flame_loot_1
D:3:      yredelemnul_altar_generic, eat_drink_and_be_merry_uskayaw,
          nicolae_ru_the_path_less_chosen

Skill      XL: |  1  2  3 |
---------------+----------+-----
Short Blades   | 2 3 |  3.4
Stealth        | 4 |  4.4
Fighting       | |  2.0
Throwing       | |  1.7
Dodging        | |  0.8

Action                   |  1- 3 |  4- 6 || total
-------------------------+-------+-------++-------
Melee: Dagger            |    84 |    70 ||   154
 Fire: Blowgun           |     8 |       ||     8
 Stab: Sleeping          |     8 |     6 ||    14
  Eat: Chunk             |       |     4 ||     4
Armor: Robe              |    18 |     9 ||    27
Dodge: Dodged            |    39 |    37 ||    76
